 Dungeon Crawl Stone Soup version 0.29.0-11-gd7f09526c8 (webtiles) character file.

Game seed: 877239956524916250

35 Acheron the Sneak (level 3, -2/33 HPs)
             Began as a Minotaur Delver on Sept 2, 2022.
             Slain by a gnoll
             ... wielding a +0 whip
             ... led by a gnoll bouda
              (8 damage)
             ... on level 5 of the Dungeon.
             The game lasted 00:02:35 (457 turns).

Acheron the Sneak (Minotaur Delver)                  Turns: 457, Time: 00:02:36

Health: -2/33      AC:  6    Str: 16    XL:     3   Next: 17%
Magic:  2/2        EV: 10    Int:  7    God:
Gold:   13         SH:  0    Dex: 13    Spells: 2/2 levels left

rFire   . . .      SeeInvis .   a - +0 falchion
rCold   . . .      Faith    .   (no shield)
rNeg    . . .      Spirit   .   h - +0 scale mail
rPois   .          Reflect  .   (helmet restricted)
rElec   .          Harm     .   (no cloak)
rCorr   .          Rampage  .   (no gloves)
Will    .....                   (no boots)
Stlth   +.........              (no amulet)
HPRegen 0.11/turn               (no ring)
MPRegen 0.08/turn               (no ring)

@: no status effects
A: horns 2, retaliatory headbutt
a: no special abilities


You were on level 5 of the Dungeon.
You visited 1 branch of the dungeon, and saw 2 of its levels.

You collected 13 gold pieces.

Inventory:

Hand Weapons
 a - a +0 falchion (weapon)
Missiles
 i - 2 poisoned darts (quivered)
Armour
 b - a +0 leather armour
 h - a +0 scale mail (worn)
Wands
 g - a wand of digging (3)
Scrolls
 c - a scroll of fog
 d - a scroll of magic mapping
 e - a scroll of fear
Potions
 f - a potion of haste


   Skills:
 * Level 3.7 Fighting
 * Level 2.6 Long Blades
 + Level 0.7 Armour
 * Level 2.3 Dodging
 * Level 4.7 Stealth
 * Level 0.2 Evocations


You had 2 spell levels left.
You didn't know any spells.
Your spell library was empty.

Dungeon Overview and Level Annotations

Branches:
Dungeon (5/15)
 Temple: D:4-7

Altars:

Annotations:
D:5 Menkaure


Innate Abilities, Weirdness & Mutations

You have a pair of horns on your head.
You reflexively headbutt those who attack you in melee.


Message History

You kill the dart slug!
You start resting.
HP restored.
You see here a +0 flail.
You see here a dart slug corpse.
A gnoll comes into view. It is wielding a +0 whip.
The gnoll shouts!
A gnoll bouda comes into view.
It is wielding a staff of earth and wearing the +1 robe of the Barber Surgeon {Int+3}.
A gnoll comes into view. It is wielding a +0 halberd.
There is a stone staircase leading down here.
The gnoll bouda shouts!
The gnoll hits you with a +0 whip.
You climb downwards.
The jelly quivers.
Found 6 silver boomerangs.
There is a stone staircase leading up here.
Menkaure shouts!
You hear a howl!
Menkaure calls on the powers of darkness!
The gnoll convulses!
Your body is wracked with pain!
Menkaure mumbles some strange words.
Menkaure seems to speed up.
The gnoll attacks as you move away! The gnoll hits you but does no damage.
The gnoll attacks as you move away! The gnoll hits you with a +0 whip.
Menkaure calls on the powers of darkness!
The gnoll convulses!
Your body is wracked with pain!
* * * LOW HITPOINT WARNING * * *
Found a runed dagger.
Menkaure calls on the powers of darkness!
The gnoll convulses!
Your body is wracked with pain!
* * * LOW HITPOINT WARNING * * *
You barely miss the gnoll.
The gnoll is severely wounded.
The gnoll hits you with a +0 whip.
* * * LOW HITPOINT WARNING * * *
You hit the gnoll but do no damage.
The gnoll is severely wounded.
The gnoll barely misses you. The ice beast completely misses you.
You furiously retaliate!
You headbutt the ice beast. The gnoll hits you with a +0 whip!
You die...

#.<.# ##J## .....# #.##
.....## #.M## .......
#...## ..)...# #. #.#..##
.....# #) #.##..##.....##
#.##.###.g#.......
######.)#.# ##.@Y.(....
O.........# ###.....##
.........#####<...####
............Y..##....#
.....)....###### #...#
.........## #...#
.........#########...#
................##...#####
.......Y.######..........#


You could see an ice beast, Menkaure (fast), a jelly and a gnoll.

Vanquished Creatures
  2 gnolls (D:4)
  An adder (D:5)
  A dart slug (D:4)
  2 jackals (D:4)
  A kobold (D:4)
7 creatures vanquished.

Notes
Turn   | Place    | Note
-------+----------+-------------------------------------------
     0 | D:5      | Acheron the Minotaur Delver began the quest for the Orb.
     0 | D:5      | Reached XP level 1. HP: 19/19 MP: 0/0
    41 | D:5      | Reached XP level 2. HP: 24/27 MP: 1/1
    83 | D:5      | Noticed an ice beast
    84 | D:5      | Noticed an ogre
   291 | D:4      | Reached XP level 3. HP: 16/33 MP: 2/2
   444 | D:4      | Identified the +1 robe of the Barber Surgeon {Int+3}
   447 | D:5      | Noticed Menkaure
   457 | D:5      | Slain by a gnoll

Illustrated notes

Levels and vault maps discovered:
D:4:      layout_basic, overflow_temple_1_default, uniq_natasha
D:5:      layout_rooms, chequers_arboretum, nicolae_shop_fire_sale
          [nicolae_sub_dead_trees], uniq_menkaure

Action                   || total
-------------------------++-------
Melee: Falchion          ||    25
       Headbutt          ||     6
Armor: Scale mail        ||    15
Dodge: Dodged            ||    15
